 Dungeon Crawl Stone Soup version 0.18-a0-60-g15541d7 (webtiles) character file.

11334 Duffy the Cleaver (level 11, -4/103 (104) HPs)
             Began as a Hill Orc Monk on Nov 9, 2015.
             Was a High Priest of Makhleb.
             Killed from afar by a gargoyle (12 damage)
             ... with a stone arrow
             ... on level 10 of the Dungeon.
             The game lasted 00:15:35 (14613 turns).

Duffy the Cleaver (Hill Orc Monk)                  Turns: 14613, Time: 00:15:35

HP:   -4/103 (104)  AC: 18    Str: 18    XL:     11   Next: 76%
MP:   11/11         EV: 10    Int: 10    God:    Makhleb [*****.]
Gold: 629           SH:  0    Dex: 13    Spells: 0 memorised, 10 levels left

rFire  . . .     SeeInvis .     b - +0 war axe
rCold  + . .     Clarity  .     m - +0 storm dragon armour
rNeg   + . .     SustAt   .     (no shield)
rPois  +         Gourm    .     N - +1 hat {MR+}
rElec  +         Spirit   .     (no cloak)
rCorr  .         Warding  +     n - +0 pair of gloves
rMut   .         Stasis   .     I - +0 pair of boots
MR     +....                    L - amulet of warding
Stlth  ..........               F - ring of protection from cold
                                Q - ring of poison resistance

@: somewhat resistant to hostile enchantments, extremely unstealthy
A: no striking features
a: Minor Destruction, Lesser Servant of Makhleb, Major Destruction, Greater
Servant of Makhleb, Renounce Religion


You were on level 10 of the Dungeon.
You worshipped Makhleb.
Makhleb was extremely pleased with you.
You were not hungry.

You visited 2 branches of the dungeon, and saw 11 of its levels.

You collected 988 gold pieces.
You spent 359 gold pieces at shops.


   Skills:
 + Level 12.0 Fighting
 + Level 13.2 Axes
 + Level 10.4 Armour
 + Level 5.6 Dodging
 - Level 1.5 Stealth
 - Level 4.5 Unarmed Combat


You had 10 spell levels left.
You didn't know any spells.

Inventory:

Hand Weapons
 a - a +0 blowgun
 b - a +0 war axe (weapon)
Missiles
 f - 41 poisoned needles
 t - 18 curare-tipped needles
Armour
 m - a +0 storm dragon armour (worn)
 n - a +0 pair of gloves (worn)
 I - a +0 pair of boots (worn)
 N - a +1 hat of magic resistance (worn)
Jewellery
 p - an uncursed ring of sustain attributes
 r - a +3 ring of strength
 y - an uncursed ring of flight
 F - a ring of protection from cold (right hand)
 L - an amulet of warding (around neck)
 Q - a ring of poison resistance (left hand)
Wands
 i - a wand of heal wounds (3)
 w - a wand of digging (12)
 A - a wand of disintegration (18)
 D - a wand of lightning (10)
 M - a wand of lightning (9)
 O - a wand of paralysis (8)
 P - a wand of magic darts (38)
Scrolls
 e - 6 scrolls of remove curse
 l - a scroll of immolation {unknown}
 s - 2 scrolls of teleportation
 x - a scroll of magic mapping {unknown}
 G - a scroll of silence {unknown}
 H - a scroll of enchant armour {unknown}
 R - a scroll of noise {unknown}
 S - a scroll of blinking {unknown}
Potions
 d - 3 potions of brilliance
 g - a potion of curing
 h - a potion of ambrosia
 j - a potion of magic
 q - 3 potions of degeneration
 u - a potion of heal wounds {unknown}
 z - 2 potions of flight
 B - a potion of might {unknown}
 C - a potion of cure mutation {unknown}
 J - a potion of cancellation {unknown}
 K - 2 potions of invisibility {unknown}
Comestibles
 c - 2 beef jerkies
 k - 8 fruits
 o - 5 meat rations
 v - 5 bread rations
 E - a royal jelly
 T - a chunk of flesh

Dungeon Overview and Level Annotations

Branches:
Dungeon (10/15)            Temple (1/1) D:6            Lair (0/8) D:9
    Orc (0/4) D:10

Altars:
Ashenzari
Cheibriados
Dithmenos
Elyvilon
Fedhas
Gozag
Kikubaaqudgha
Makhleb
Nemelex Xobeh
Okawaru
Qazlal
Ru
Sif Muna
Trog
Vehumet
Xom
Yredelemnul
Zin
The Shining One
Jiyva

Shops:
D:4 *   D:10 *

Annotations:
D:7 exclusion: oklob plant
D:9 exclusion: ice statue


Message History

You hit the gargoyle but do no damage.
The gargoyle is heavily damaged.
The gargoyle hurls a stone arrow at you.
The stone arrow hits you!
You completely miss the gargoyle.
The gargoyle is heavily damaged.
The gargoyle hurls a stone arrow at you.
The stone arrow misses you.
You hit the gargoyle but do no damage.
The gargoyle is heavily damaged.
You hit the gargoyle but do no damage.
The gargoyle is heavily damaged.
The gargoyle hurls a stone arrow at you.
The stone arrow hits you!
You barely miss the gargoyle.
The gargoyle is heavily damaged.
The gargoyle hits you with a morningstar!
You barely miss the gargoyle.
The gargoyle is heavily damaged.
The gargoyle hits you with a morningstar.
You hit the gargoyle but do no damage.
The gargoyle is heavily damaged.
You hit the gargoyle but do no damage.
The gargoyle is heavily damaged.
The gargoyle hits you but does no damage.
You hit the gargoyle but do no damage.
The gargoyle is moderately damaged.
The gargoyle hits you but does no damage.
You hit the gargoyle but do no damage.
The gargoyle is moderately damaged.
You slash the gargoyle! You punch the gargoyle.
The gargoyle is severely damaged.
The gargoyle hurls a stone arrow at you.
The stone arrow hits you!
You die...

....#
#.####...#
....#
#........#
....#
#........#
....#
#..###...#
....# #..#
#...# ....#
#..# #...#
....#####..#
#...#######
.....).))..#
#..........
.....###)..#
#..@#######
.....# #...#
#.†9# (....#
#...# #...#
..<..# #...#
#...# ##...#
#...# #...#
#...# #...#
#...# #...#
#...# #...#
#...#


You could see a gargoyle.

Action                   |  1- 3 |  4- 6 |  7- 9 | 10-12 || total
-------------------------+-------+-------+-------+-------++-------
Melee: Unarmed           |   144 |   308 |   440 |       ||   892
       War axe           |       |       |   250 |   521 ||   771
 Fire: Blowgun           |       |       |    11 |       ||    11
  Use: Scroll            |     3 |     4 |     3 |     4 ||    14
       Potion            |       |     2 |     6 |     1 ||     9
 Stab: Sleeping          |     1 |       |       |       ||     1
  Eat: Chunk             |     2 |     9 |    18 |    16 ||    45
       Fruit             |       |       |     2 |       ||     2
       Pizza             |       |       |     2 |       ||     2
       Beef jerky        |       |       |       |     2 ||     2

Notes
Turn   | Place    | Note
--------------------------------------------------------------
     0 | D:1      | Duffy the Hill Orc Monk began the quest for the Orb.
     0 | D:1      | Reached XP level 1. HP: 19/19 MP: 1/1
    99 | D:1      | Reached skill level 4 in Fighting
    99 | D:1      | Reached XP level 2. HP: 20/27 MP: 2/2
   593 | D:1      | Found a glowing golden altar of the Shining One.
   685 | D:1      | Reached XP level 3. HP: 29/34 MP: 3/3
  1158 | D:2      | Reached skill level 5 in Fighting
  1250 | D:2      | Reached skill level 1 in Armour
  1560 | D:2      | Reached XP level 4. HP: 42/42 MP: 4/4
  2113 | D:2      | Found an ancient bone altar of Kikubaaqudgha.
  2195 | D:2      | Reached skill level 2 in Armour
  2362 | D:2      | Found a glowing silver altar of Zin.
  2362 | D:2      | Found a deep blue altar of Sif Muna.
  2362 | D:2      | Found a shattered altar of Ashenzari.
  2363 | D:2      | Found a radiant altar of Vehumet.
  2364 | D:2      | Found a sacrificial altar of Ru.
  2367 | D:2      | Found a blossoming altar of Fedhas.
  2526 | D:3      | Reached XP level 5. HP: 49/49 MP: 5/5
  2638 | D:3      | Found a white marble altar of Elyvilon.
  2957 | D:3      | Noticed Grinder
  2966 | D:3      | Paralysed by Grinder for 4 turns
  2980 | D:2      | Reached skill level 3 in Armour
  3369 | D:3      | Found a shadowy altar of Dithmenos.
  3369 | D:3      | Found a bloodstained altar of Trog.
  3370 | D:3      | Found an opulent altar of Gozag.
  3675 | D:3      | Paralysed by Grinder for 6 turns
  3690 | D:3      | Paralysed by Grinder for 2 turns
  3701 | D:3      | Paralysed by Grinder for 7 turns
  3710 | D:3      | Killed Grinder
  3710 | D:3      | Reached skill level 6 in Fighting
  3710 | D:3      | Reached skill level 4 in Armour
  3710 | D:3      | Reached XP level 6. HP: 30/58 MP: 6/6
  3809 | D:3      | Reached skill level 7 in Fighting
  4373 | D:3      | Reached XP level 7. HP: 52/66 MP: 7/7
  4503 | D:4      | Reached skill level 5 in Armour
  5558 | D:4      | Reached skill level 8 in Fighting
  5672 | D:4      | Found Zeokhl Rasu's Serpentskin Sales.
  5705 | D:4      | Reached skill level 6 in Armour
  5713 | D:4      | Reached XP level 8. HP: 17/75 MP: 8/8
  5979 | D:4      | Bought 5 curare-tipped needles for 39 gold pieces
  5979 | D:4      | Bought a +0 blowgun for 32 gold pieces
  6045 | D:5      | Entered Level 5 of the Dungeon
  6532 | D:5      | Reached skill level 9 in Fighting
  6663 | D:5      | Noticed Prince Ribbit
  6693 | D:5      | Killed Prince Ribbit
  6693 | D:5      | Reached skill level 7 in Armour
  7288 | D:5      | Noticed Dowan
  7301 | D:5      | Noticed Duvessa
  7318 | D:5      | Killed Dowan
  7771 | D:6      | Reached skill level 10 in Fighting
  7901 | D:6      | Reached skill level 1 in Axes
  8174 | D:6      | Reached skill level 8 in Armour
  8189 | D:6      | Reached skill level 2 in Axes
  8189 | D:6      | Reached XP level 9. HP: 44/85 MP: 9/9
  8412 | D:6      | Found a staircase to the Ecumenical Temple.
  8443 | Temple   | Entered the Ecumenical Temple
  8869 | D:6      | Reached skill level 4 in Axes
  9413 | D:7      | Found a burning altar of Makhleb.
  9419 | D:7      | Reached skill level 5 in Axes
  9429 | D:7      | Became a worshipper of Makhleb the Destroyer
  9429 | D:7      | Reached * piety under Makhleb
  9429 | D:7      | Reached ** piety under Makhleb
  9490 | D:7      | Reached skill level 6 in Axes
  9544 | D:7      | Noticed an oklob plant
  9594 | D:7      | Reached skill level 7 in Axes
  9857 | D:7      | Reached skill level 8 in Axes
 10279 | D:8      | Reached skill level 9 in Axes
 10606 | D:8      | Reached skill level 10 in Axes
 10686 | D:8      | Reached *** piety under Makhleb
 10686 | D:8      | Reached XP level 10. HP: 84/92 MP: 10/10
 10818 | D:8      | Reached skill level 11 in Axes
 11412 | D:9      | Noticed Joseph
 11432 | D:8      | Killed Joseph
 11432 | D:8      | Reached skill level 3 in Dodging
 12149 | D:9      | Noticed Gastronok
 12197 | D:9      | Killed Gastronok
 12197 | D:9      | Reached skill level 11 in Fighting
 12197 | D:9      | Reached skill level 12 in Axes
 12197 | D:9      | Reached skill level 9 in Armour
 12197 | D:9      | Reached skill level 4 in Dodging
 12197 | D:9      | Reached XP level 11. HP: 56/101 MP: 11/11
 12344 | D:9      | Reached **** piety under Makhleb
 13361 | D:5      | Killed Duvessa
 13412 | D:4      | Bought an uncursed ring of poison resistance for 260 gold pieces
 13633 | D:9      | Reached skill level 10 in Armour
 13633 | D:9      | Reached skill level 5 in Dodging
 13643 | D:9      | Reached ***** piety under Makhleb
 13943 | D:9      | Found a staircase to the Lair.
 14014 | D:10     | Entered Level 10 of the Dungeon
 14074 | D:10     | Noticed a hill giant
 14088 | D:10     | Killed a hill giant
 14088 | D:10     | Reached skill level 13 in Axes
 14227 | D:10     | Found Nilofi Vogh's General Store.
 14235 | D:10     | Bought a scroll of identify for 28 gold pieces
 14267 | D:10     | Found a staircase to the Orcish Mines.
 14504 | D:10     | Reached skill level 12 in Fighting
 14613 | D:10     | Killed from afar by a gargoyle

Vault maps used:
D:1:      erik_arrival_orb_chamber, tso_metal_star
D:2:      minitemple, minmay_gold_behind_fungi
D:3:      gammafunk_temple_overflow_claw, elyvilon_altar_5, uniq_grinder
D:4:      first_bread, guppyfry_shop_venom
D:5:      lemuel_another_geyser, uniq_prince_ribbit1, uniq_duvessa
D:6:      minmay_temple_entry_poolview
D:7:      makhleb_heckhound_becter, lemuel_oklob_altar
D:9:      lemuel_ice_statue, lair_0_dummy, uniq_gastronok, uniq_joseph
D:10:     serial_shops, nicolae_shop_trees
Temple:   pf_slime_end_temple

Vanquished Creatures
  Gastronok
  A hill giant
  A cyclops Joseph
  A spiny frog
  A two-headed ogre Grinder Prince Ribbit
  2 wyverns
  11 yaks
  A deep elf mage
  3 hippogriffs
  A hungry ghost
  2 water moccasins Duvessa
  3 ice beasts
  4 orc warriors
  4 ogres
  3 sky beasts
  2 necrophages
  3 phantoms
  3 centaurs
  3 big kobolds
  6 giant frogs
  A wyvern zombie Dowan
  6 killer bees
  5 scorpions
  3 crimson imps
  A centaur zombie
  A jelly
  4 centaur skeletons
  6 hounds
  2 orc priests
  5 iguanas
  A killer bee zombie
  3 sheep
  17 orc wizards
  10 worker ants
  2 hound skeletons
  16 adders
  A worker ant zombie
  6 gnolls
  An ooze
  An adder zombie
  An adder skeleton
  7 giant geckos
  39 orcs
  2 ball pythons
  5 giant cockroaches
  9 hobgoblins
  17 jackals
  28 kobolds
  8 bats
  A giant cockroach zombie
  A giant gecko skeleton
  4 giant newts
  3 goblins
  3 quokkas
  20 rats
  A fungus
302 creatures vanquished.
